AoeStats
← carloscabo97

Hill Fort

505499908Analyzed
3v3 RM · 23d ago on Sep 9, 2026· 61m 38s· 6 players
Game mode
Random Map
Map size
Normal (6 player)
Population
200
Speed
Normal
Resources
Standard
Victory
Conquest
Starting age
Dark Age
Ending age
Imperial Age
RankedLock teamsTeams togetherTeam positionsShared explorationLock speedFull tech treeHidden civsTurbo modeCheats
Victory
Defeat
🇦🇷 Sicilians · Argentina
732
+11
🇦🇷 Cumans · Argentina
717
+11
🇦🇷 Franks · Argentina
518
+20
🇪🇸 Vietnamese · Spain
627
-15
🇪🇸 Franks · Spain
616
-14
🇪🇸 Spanish · Spain
582
-13
ipsofacto13
2:46 Loom
11:11 Feudal Age
12:40 Wheelbarrow
13:26 Double-Bit Axe
13:26 Horse Collar
17:32 Bloodlines
21:57 Castle Age
22:23 Forging
22:18 Scale Barding Armor
26:09 Bow Saw
29:44 Iron Casting
33:30 Husbandry
42:15 Imperial Age
43:28 Coinage
42:31 Elite Battle Elephant
45:19 Elite Rattan Archer
46:58 Thumb Ring
46:14 Crossbowman
47:45 Arbalester
48:47 Fletching
48:58 Padded Archer Armor
51:08 Paper Money
56:19 Light Cavalry
57:58 Chain Barding Armor
lemortelier
11:08 Feudal Age
13:06 Double-Bit Axe
13:04 Horse Collar
18:27 Stone Mining
21:26 Wheelbarrow
23:09 Forging
25:14 Castle Age
27:56 Hand Cart
27:26 Loom
32:28 Scale Barding Armor
32:52 Ballistics
34:02 Gold Mining
36:09 Chain Barding Armor
35:40 Fletching
43:26 Imperial Age
44:34 Conscription
47:10 Elite Conquistador
50:30 Heavy Plow
57:25 Plate Barding Armor
56:46 Bodkin Arrow
57:56 Chemistry
carloscabo97
4:20 Loom
13:04 Feudal Age
13:35 Double-Bit Axe
13:53 Town Watch
16:02 Man-at-Arms
17:16 Arson
21:00 Scale Mail Armor
31:48 Castle Age
31:26 Forging
32:59 Bow Saw
33:01 Husbandry
34:37 Scale Barding Armor
38:13 Wheelbarrow
38:06 Chain Barding Armor
40:44 Gold Mining
42:00 Hand Cart
42:33 Stone Mining
44:00 Iron Casting
49:41 #83
52:19 Imperial Age
50:41 Chain Mail Armor
53:01 Town Patrol
54:01 Gold Shaft Mining
55:47 Hoardings
56:24 #83
59:39 Elite Throwing Axeman
wallaceAoE
4:21 Loom
12:20 Feudal Age
13:36 Double-Bit Axe
14:22 Man-at-Arms
24:31 Castle Age
25:07 Pikeman
25:48 Squires
26:00 Husbandry
35:17 Bow Saw
35:01 Gold Mining
41:00 Caravan
45:12 Gold Shaft Mining
44:27 Stone Mining
46:44 Elite Skirmisher
51:52 Fletching
52:02 Padded Archer Armor
52:13 Forging
52:03 Scale Mail Armor
52:09 Scale Barding Armor
54:38 Imperial Age
52:51 Wheelbarrow
52:01 Town Watch
55:34 Hand Cart
57:24 Chemistry
56:45 Ballistics
56:22 Murder Holes
58:03 Town Patrol
57:38 Halberdier
57:42 Light Cavalry
58:39 Bodkin Arrow
59:00 Leather Archer Armor
59:55 Iron Casting
gonzalez.anibal.javier
0:59 Loom
10:21 Feudal Age
11:45 Wheelbarrow
11:08 Double-Bit Axe
11:53 Horse Collar
14:20 Town Watch
27:54 Forging
27:45 Scale Mail Armor
32:46 Castle Age
34:36 Hand Cart
35:00 Iron Casting
34:39 Pikeman
36:20 Bow Saw
37:36 Heavy Plow
41:28 Imperial Age
41:13 Chain Mail Armor
40:59 Padded Archer Armor
42:33 Conscription
44:01 Elite Skirmisher
46:25 Chemistry
49:41 Halberdier
52:58 Gold Mining
55:05 Elite Serjeant
farinico9
5:57 Loom
12:59 Feudal Age
14:21 Wheelbarrow
13:45 Double-Bit Axe
21:05 Horse Collar
26:43 Castle Age
26:39 Stone Mining
27:03 Capped Ram
30:51 Hand Cart
32:09 Gold Mining
34:04 Pikeman
34:44 Squires
40:27 Bow Saw
40:22 Heavy Plow
43:14 Elite Skirmisher
44:34 Caravan
46:05 Fletching
46:25 Forging
46:16 Scale Mail Armor
46:58 Ballistics
46:33 Murder Holes
47:02 Thumb Ring
53:02 Imperial Age
55:00 Chemistry
54:02 Cuman Mercenaries
54:38 Hoardings
55:17 Halberdier
57:23 Two-Man Saw
57:58 Crop Rotation
Connection lost

Rejoining the realm…

Still unreachable

The connection could not be restored.

Session expired

The server has moved on; the page needs a fresh start.